 Dungeon Crawl Stone Soup version 0.30-a0-867-g305f33218d (webtiles) character file.

Game seed: 8503111822261802071

3161 Grim the Severer (level 9, -8/71 HPs)
             Began as a Minotaur Berserker on Mar 10, 2023.
             Was an Elder of Trog.
             Mangled by a swamp worm (21 damage)
             ... on level 7 of the Dungeon.
             The game lasted 00:08:54 (6798 turns).

Grim the Severer (Minotaur Berserker)               Turns: 6798, Time: 00:08:55

Health: -8/71      AC: 10    Str: 30    XL:     9   Next: 62%
Magic:  8/8        EV:  9    Int:  4    God:    Trog [****..]
Gold:   369        SH:  0    Dex: 15    Spells: 8/8 levels left

rFire   . . .      SeeInvis +    p - +0 war axe
rCold   . . .      Faith    .    (no shield)
rNeg    . . .      Spirit   .    q - +0 chain mail
rPois   +          Reflect  .    (helmet restricted)
rElec   .          Rampage  .    (no cloak)
rCorr   .                        (no gloves)
Will    +....                    G - +1 pair of boots Stlth
                                 k - amulet of the acrobat
HPRegen 1.31/turn                j - ring of see invisible
MPRegen 0.11/turn                L - ring of Foolhardiness {Fly rPois Will- Str+6 Dex+3}

@: strong-willed, flying, regenerating
A: horns 2, retaliatory headbutt
a: Renounce Religion, Berserk, Trog's Hand, Brothers in Arms


You were on level 7 of the Dungeon.
You worshipped Trog.
Trog was greatly pleased with you.
You visited 1 branch of the dungeon, and saw 7 of its levels.
You also visited: Bailey.

You collected 369 gold pieces.

Inventory:

Hand Weapons
 a - a +0 hand axe
 p - a +0 war axe (weapon)
 J - a +0 arbalest
Missiles
 t - 5 boomerangs (quivered)
Armour
 b - a +0 animal skin
 q - a +0 chain mail (worn)
 G - a +1 pair of boots (worn)
 K - a +0 plate armour
Jewellery
 j - a ring of see invisible (left hand)
 k - an amulet of the acrobat (around neck)
 v - an amulet of faith
 L - the ring of Foolhardiness (right hand) {Fly rPois Will- Str+6 Dex+3}
   (You found it in a bailey)

   [ring of flight]

   Str:       It affects your strength (+6).
   Dex:       It affects your dexterity (+3).
   rPois:     It protects you from poison.
   Fly:       It grants you flight.
   Will:      It decreases your willpower.
Wands
 r - a wand of mindburst (12)
 u - a wand of flame (6)
 y - a wand of acid (10)
Scrolls
 d - a scroll of amnesia {unknown}
 e - a scroll of magic mapping {unknown}
 f - 2 scrolls of fear {unknown}
 g - 9 scrolls of enchant weapon
 h - 4 scrolls of noise {unknown}
 i - a scroll of immolation {unknown}
 o - a scroll of fog {unknown}
 x - a scroll of butterflies {unknown}
 A - 2 scrolls of teleportation {unknown}
 B - 2 scrolls of enchant armour {unknown}
 D - a scroll of vulnerability {unknown}
 E - a scroll of torment {unknown}
 H - a scroll of poison {unknown}
Potions
 c - 4 potions of berserk rage {unknown}
 l - 2 potions of flight {unknown}
 m - 3 potions of attraction {unknown}
 n - a potion of brilliance {unknown}
 s - a potion of mutation {unknown}
 w - 3 potions of haste {unknown}
 z - a potion of heal wounds {unknown}
 C - 2 potions of lignification {unknown}
 F - 3 potions of curing {unknown}
 I - a potion of might {unknown}


   Skills:
 * Level 4.2 Fighting
 - Level 16.0 Axes
 - Level 2.4 Armour
 - Level 2.1 Dodging


You had 8 spell levels left.
You didn't know any spells.
Your spell library was empty.

Dungeon Overview and Level Annotations

Branches:
Dungeon (7/15)             Temple (0/1) D:6          Bailey (visited)

Altars:
Cheibriados
Dithmenos
Fedhas
Kikubaaqudgha
Ru
Sif Muna
Wu Jian
Yredelemnul
Zin

Shops:
D:7 *


Innate Abilities, Weirdness & Mutations

You have a pair of horns on your head.
You reflexively headbutt those who attack you in melee.


Message History

The orc priest miscasts a cantrip.
You slice the orc wizard!!
You kill the orc wizard!
Trog accepts your kill.
Trog appreciates your killing of a magic user.
You hit the orc priest.
The orc priest hits you but does no damage.
You hit the orc priest.
The orc priest is severely wounded.
The orc priest invokes the aid of Beogh against you.
Beogh smites you!
You hit the orc priest.
The orc priest is severely wounded.
You slash the orc priest! The orc priest closely misses you.
You furiously retaliate!
You headbutt the orc priest!
You kill the orc priest!
Trog accepts your kill.
Your Fighting skill increases to level 4!
You slash the orc priest!
You kill the orc priest!
Trog accepts your kill.
You hit the swamp worm. Your headbutt misses the swamp worm.
The swamp worm is lightly wounded.
You closely miss the swamp worm. You headbutt the swamp worm.
The swamp worm is moderately wounded.
The swamp worm bites you!!
* * * LOW HITPOINT WARNING * * *
You are too injured to fight recklessly!
You are too injured to fight recklessly!
You are too injured to fight recklessly!
Unknown command.
You are too injured to fight recklessly!
You hit the swamp worm. Your headbutt misses the swamp worm.
The swamp worm is moderately wounded.
The swamp worm bites you!!
* * * LOW HITPOINT WARNING * * *
You barely miss the swamp worm. You headbutt the swamp worm!
The swamp worm is heavily wounded.
The swamp worm bites you!!
You die...

....##...#
#......(#...#.#.####
....##...# ###..#......#.# ..
....#...... #........##.#####
...##......#
##............>.#
.).##......#
.......#......#.#
≈)###......##+#..#....[...##
≈)###..[...#..........######.
≈))##..... #....)).#.....)...
≈..'...).. +....@w.#.........
≈..#########......###........
§§§#.........................
≈......##############.#######
≈......##############.#
≈.....................#
..##.#.##.#.###########
####.#....#.# ####.#.#..#.#


You could see a swamp worm.

Vanquished Creatures
  An orc knight (Bailey)
  A swamp worm (D:7)
  Edmund (D:5)
  A water moccasin (D:7)
  The ghost of MacCMillion the Shooter, an amateur SpHu (D:3)
  2 ice beasts
  6 orc warriors (Bailey)
  2 black bears
  An ogre (D:5)
  A kobold brigand (D:7)
  A bullfrog (D:7)
  2 scorpions
  8 wights
  A hound (D:5)
  2 orc priests (D:7)
  A gnoll bouda (D:7)
  2 iguanas (D:6)
  Ijyb (D:3)
  A sleepcap (D:6)
  4 orc wizards
  3 gnolls (D:7)
  9 adders
  2 shadow imps
  3 ufetubi
  An adder zombie (D:3)
  A worm (D:3)
  2 dart slugs
  37 orcs
  10 ball pythons
  6 bats
  7 endoplasms
  2 giant cockroaches (D:1)
  13 goblins
  4 hobgoblins
  2 jackals (D:4)
  14 kobolds
  6 quokkas
  A ball python zombie (D:3)
  2 frilled lizards
  4 rats
169 creatures vanquished.

Vanquished Creatures (others)
  3 plants (D:7)
3 creatures vanquished.

Grand Total: 172 creatures vanquished

Notes
Turn   | Place    | Note
-------+----------+-------------------------------------------
     0 | D:1      | Grim the Minotaur Berserker began the quest for the Orb.
     0 | D:1      | Reached XP level 1. HP: 19/19 MP: 0/0
    92 | D:1      | Reached skill level 4 in Axes
   163 | D:1      | Reached XP level 2. HP: 24/26 MP: 1/1
   525 | D:1      | Reached skill level 5 in Axes
   758 | D:2      | Reached XP level 3. HP: 31/31 MP: 2/2
   932 | D:2      | Reached ** piety under Trog
  1049 | D:2      | Reached skill level 6 in Axes
  1049 | D:2      | Reached XP level 4. HP: 38/39 MP: 3/3
  1603 | D:3      | Found a runed translucent gate.
  1603 | D:3      | Found a runed translucent gate.
  1603 | D:3      | Found a runed translucent gate.
  1603 | D:3      | Noticed MacCMillion's ghost (amateur SpHu)
  1605 | D:3      | Found a basalt altar of Yredelemnul.
  1630 | D:3      | Killed MacCMillion's ghost
  1631 | D:3      | Reached skill level 7 in Axes
  1631 | D:3      | Reached XP level 5. HP: 45/45 MP: 4/4
  1785 | D:3      | Noticed Ijyb
  1793 | D:3      | Killed Ijyb
  1936 | D:3      | Reached skill level 8 in Axes
  1937 | D:3      | Reached XP level 6. HP: 39/51 MP: 5/5
  2146 | D:3      | Found an ornate altar of the Wu Jian Council.
  2146 | D:3      | Found a sacrificial altar of Ru.
  2249 | D:3      | You fall into a shaft and drop 2 floors!
  2249 | D:5      | Entered Level 5 of the Dungeon
  2300 | D:5      | Noticed an ice beast
  2308 | D:5      | Killed an ice beast
  2309 | D:5      | Reached skill level 9 in Axes
  2461 | D:5      | Noticed Edmund
  2470 | D:5      | Reached XP level 7. HP: 57/57 MP: 6/6
  2484 | D:5      | Killed Edmund
  2485 | D:5      | Reached skill level 10 in Axes
  2801 | D:5      | Found a blossoming altar of Fedhas.
  2829 | D:5      | Reached *** piety under Trog
  2890 | D:5      | Found a snail-covered altar of Cheibriados.
  3302 | D:4      | Found a shimmering blue altar of Sif Muna.
  4071 | D:6      | Reached skill level 11 in Axes
  4483 | D:6      | Reached XP level 8. HP: 29/64 MP: 7/7
  4823 | D:6      | Reached skill level 12 in Axes
  4949 | D:6      | Found a staircase to the Ecumenical Temple.
  5178 | D:6      | Found a shadowy altar of Dithmenos.
  5460 | D:7      | Reached skill level 13 in Axes
  5603 | D:7      | Reached skill level 14 in Axes
  5696 | D:7      | Found a flagged portal.
  5714 | Bailey   | Entered a bailey
  5743 | Bailey   | Reached XP level 9. HP: 59/70 MP: 8/8
  6197 | Bailey   | Reached **** piety under Trog
  6198 | Bailey   | Reached skill level 15 in Axes
  6264 | Bailey   | Noticed an orc knight
  6273 | Bailey   | Killed an orc knight
  6441 | Bailey   | Identified the ring of Foolhardiness {Fly rPois Will- Str+6
                  | Dex+3}
  6577 | D:7      | Found Gyaff's General Store.
  6661 | D:7      | Found a glowing silver altar of Zin.
  6674 | D:7      | Reached skill level 16 in Axes
  6688 | D:7      | Found an ancient bone altar of Kikubaaqudgha.
  6798 | D:7      | Mangled by a swamp worm

Illustrated notes

Levels and vault maps discovered:
D:1:      matt_arrival_refuge, layout_loops_ring, nrook_loot_triangle,
          minmay_misc_feat_encased
D:2:      layout_basic, grunt_ministairs_4
D:3:      layout_basic, nicolae_yredelemnul_ghost_church,
          amethyst_overflow_temple_binary, minmay_door_square,
          hangedman_abyss_or_decor_stabs, uniq_ijyb
D:4:      layout_cave_pods, lemuel_tele_altar
D:5:      layout_rooms, mainiacjoe_overflow_alcove_1, kennysheep_mini_moat,
          uniq_edmund
D:6:      layout_cave_pools, mainiacjoe_overflow_alcove_4,
          minmay_temple_entry_statues_fountains
D:7:      layout_basic, mainiacjoe_overflow_chevrons,
          mainiacjoe_overflow_concentric_impassable, serial_shops,
          nicolae_shop_statue_plus, enter_bailey_5, minmay_misc_feat_enclosed,
          worms_lemuel

Skill      XL: |  1  2  3  4  5  6  7  8  9 |
---------------+----------------------------+-----
Axes           | 4 5 6 7 8 9 11 14 16 | 16.0
Fighting       | 4 |  4.2
Armour         | |  2.4
Dodging        | |  2.1

Action                     |  1- 3 |  4- 6 |  7- 9 || total
---------------------------+-------+-------+-------++-------
  Melee: Hand axe          |    62 |   105 |   165 ||   332
         Headbutt          |     8 |    14 |    48 ||    70
         War axe           |       |       |   120 ||   120
         Punch             |       |       |     5 ||     5
  Throw: Throwing net      |       |       |     1 ||     1
 Invoke: Berserk           |     1 |     4 |     6 ||    11
         Trog's Hand       |       |     1 |     2 ||     3
   Stab: Sleeping          |     2 |       |       ||     2
 Armour: Animal skin       |    13 |     2 |       ||    15
         Chain mail        |       |    44 |    97 ||   141
  Dodge: Dodged            |    45 |    38 |   133 ||   216

Table legend: (Time is in decaauts)
 A = Elapsed time spent in this place.
 B = Non-inter-level travel time spent in this place.
 C = Inter-level travel time spent in this place.
 D = Time resting spent in this place.
 E = Time spent auto-exploring this place.
 F = Levels seen in this place.
 G = Mean time per level.
                   A        B        C        D        E       F      G
               +--------+--------+--------+--------+--------+-----+--------+
         Total |   6822 |   6618 |    204 |   2202 |   3430 |   8 |  852.8 |
       Dungeon |   5994 |   5790 |    204 |   1685 |   3245 |   7 |  856.3 |
        Bailey |    827 |    827 |      0 |    516 |    185 |   1 |  827.0 |
               +--------+--------+--------+--------+--------+-----+--------+

Top non-repeatable levels by time:
     D:6: 1167 daAuts
     D:3: 1069 daAuts
     D:5: 935 daAuts
     D:4: 853 daAuts
  Bailey: 827 daAuts
     D:1: 744 daAuts
     D:2: 725 daAuts
     D:7: 498 daAuts
